 Dungeon Crawl Stone Soup version 0.27.1-1-g398f81649c (webtiles) character file.

Game seed: 10320496550347271174

2606 ABBCCCDDDD the Geomancer (level 9, -4/66 HPs)
             Began as an Octopode Monk on Sept 19, 2021.
             Slain by an orc priest (9 damage)
             ... on level 7 of the Dungeon.
             The game lasted 00:14:50 (9286 turns).

ABBCCCDDDD the Geomancer (Octopode Monk)            Turns: 9286, Time: 00:14:51

Health: -4/66      AC:  1    Str: 10    XL:     9   Next: 59%
Magic:  22/22      EV: 14    Int: 15    God:
Gold:   373        SH:  5    Dex: 15    Spells: 10/14 levels left

rFire    + . .     SeeInvis +     - Unarmed
rCold    . . .     Faith    .   (no shield)
rNeg     . . .     Spirit   .   (helmet restricted)
rPois    .         Reflect  +   r - amulet "Mujiv" {Reflect rF+ SH+5 SInv}
rElec    .         Harm     .   n - ring of magical power
rCorr    .         Rampage  .   (no ring)
Will     .....                  (no ring)
Stlth    +++.......             (no ring)
HPRegen  0.21/turn              (no ring)
MPRegen  0.18/turn              (no ring)
                                (no ring)
                                (no ring)

@: no status effects
A: almost no armour, amphibious, 8 rings, camouflage 1, gelatinous body 1,
(nimble swimmer 1), tentacles
a: no special abilities


You were on level 7 of the Dungeon.
You visited 1 branch of the dungeon, and saw 7 of its levels.
You also visited: Sewer.

You collected 373 gold pieces.

Inventory:

Missiles
 f - 5 boomerangs
 p - 2 javelins (quivered)
Jewellery
 n - a ring of magical power (left tentacle)
 r - the amulet "Mujiv" (around mantle) {Reflect rF+ SH+5 SInv}
   (You acquired it on level 4 of the Dungeon)

   [amulet of reflection]

   It reflects blocked missile attacks.
   rF:        It protects you from fire.
   SInv:      It lets you see invisible.
   SH:        It affects your SH (+5).
Wands
 j - a wand of flame (37)
Scrolls
 a - a scroll of silence
 e - a scroll of enchant weapon
 k - 2 scrolls of brand weapon
 o - a scroll of amnesia
Potions
 b - a potion of invisibility
 c - 4 potions of magic
 d - 2 potions of brilliance
 g - 3 potions of curing
 h - 2 potions of cancellation
 i - 2 potions of might
 l - 2 potions of mutation
 q - a potion of berserk rage {unknown}
 s - a potion of attraction {unknown}
 t - a potion of lignification {unknown}


   Skills:
 - Level 7.8 Fighting
 - Level 3.0 Dodging
 - Level 2.6 Stealth
 - Level 7.6 Unarmed Combat
 - Level 3.0 Spellcasting
 * Level 8.1 Transmutations
 * Level 8.1 Earth Magic


You had 10 spell levels left.
You knew the following spells:

 Your Spells              Type           Power      Damage    Failure   Level
a - Petrify               Tmut/Erth      26%        N/A       7%          4

Your spell library contained the following spells:

 Spells                   Type           Power      Damage    Failure   Level
 Freeze                   Ice            8%         1d3       21%         1
 Ignite Poison            Fire/Tmut/Pois 10%        N/A       21%         3
 Blade Hands              Tmut           13%        N/A       21%         5
 Conjure Flame            Conj/Fire      2%         6-21      52%         3
 Frozen Ramparts          Ice            4%         1d2       52%         3
 Portal Projectile        Hex/Tloc       4%         N/A       52%         3
 Statue Form              Tmut/Erth      17%        N/A       73%         6
 Hailstorm                Conj/Ice       2%         3d3       89%         4
 Sticky Flame             Conj/Fire      2%         2d3       89%         4
 Excruciating Wounds      Necr           1%         N/A       99%         5
 Metabolic Englaciation   Hex/Ice        1%         N/A       99%         5


Dungeon Overview and Level Annotations

Branches:
Dungeon (7/15)              Sewer (visited)
 Temple: D:4-7

Altars:
Dithmenos
Okawaru
Sif Muna
Vehumet

Shops:
D:1 =   D:2 (

Annotations:
D:4 exclusion: ogre


Innate Abilities, Weirdness & Mutations

You cannot wear most types of armour.
You are amphibious.
You can wear up to eight rings at the same time.
Your skin changes colour to match your surroundings (Stealth+).
Your rubbery body absorbs attacks. (AC +1, EV +1)
((You are camouflaged near water. (Stealth+)))
You have tentacles for arms and can constrict up to eight enemies at once.


Message History

You constrict the orc priest.
An orc comes into view. It is wielding a +0 short sword.
The orc priest closely misses you.
Okay, then.
Throw: 3 javelins
Press: ? - help, Q - select action, (/) - cycle Shift-Dir - straight line, f - orc priest
Aim: an orc priest, wielding a +0 flail (60% to hit)
You throw a javelin.
The javelin pierces through the orc priest!
The orc priest is severely wounded.
The javelin closely misses the orc priest.
You constrict the orc priest.
The orc priest escapes!
An orc priest comes into view. It is wielding a +0 club.
The orc priest invokes the aid of Beogh against you.
Beogh smites you!
The orc priest hits you with a +0 flail!
* * * LOW HITPOINT WARNING * * *
You bludgeon the orc priest!
You kill the orc priest!
Okay, then.
You closely miss the orc priest. Your grab misses the orc priest.
The orc priest mumbles some strange prayers to Beogh against you.
Beogh smites you!
* * * LOW HITPOINT WARNING * * *
You hear a shout!
It was a potion of experience.
You feel more experienced!
Your Fighting skill gained 2 levels and is now at level 7!
Your Unarmed Combat skill gained 2 levels and is now at level 7!
Your Transmutations skill gained 4 levels and is now at level 8!
Your Earth Magic skill gained 4 levels and is now at level 8!
Training target 6.0 for Fighting reached!
Training target 6.0 for Unarmed Combat reached!
You have reached level 9!
Your experience leads to an increase in your attributes!
Increase (S)trength, (I)ntelligence, or (D)exterity?
You feel clever.
You hear a shout!
The orc priest hits you with a +0 flail!
You die...

##### #...# # #.#.# ..#
##############.#.#######..:.#
.........>.......o.(.o.o....+
#########(####.#o######.....#
.............#.#@# .....
#########.##.#.#.# ####
........#.##.#.#.#
#######.#.##[#.#.#
#<....#.#.##.#.#.#
......#.#.##.#.#.#.####
#######.#.##.#.#.#......
........#...............
############.#+#.#......


You could see an orc priest and an orc.

Levels and vault maps discovered:
D:1:      sevenhm_arrival_forest_fort_small_1, layout_rooms, serial_shops,
          nicolae_shop_statue_plus, serial_co_window_serial,
          co_window_of_opportunity_a, co_window_of_opportunity_a,
          co_window_paths_a, co_window_corner_a, co_window_paths_a,
          co_window_unsneaky_path_c, co_window_2corner, co_window_cross_4,
          co_window_corner_b, glass_columns_a
D:2:      layout_rooms, serial_shops, shop,
          chequers_ecumenical_altar_simple_redux
D:3:      layout_basic, led_sif_pool, gup_sewer_entry_bubbles
D:4:      layout_basic, minmay_temple_entry_nine_rooms
D:5:      layout_basic, lemuel_round_altar, minmay_lizard_king
D:6:      layout_loops_cross, mainiacjoe_overflow_brackets
D:7:      layout_basic, nicolae_ru_great_annihilating_truth,
          nicolae_dithmenos_shadow_blocks

Notes
Turn   | Place    | Note
-------+----------+-------------------------------------------
     0 | D:1      | ABBCCCDDDD the Octopode Monk began the quest for the Orb.
     0 | D:1      | Reached XP level 1. HP: 16/16 MP: 1/1
   190 | D:1      | Reached XP level 2. HP: 21/21 MP: 2/2
   308 | D:1      | Found Wodweg's Jewellery Shoppe.
   809 | D:1      | Reached XP level 3. HP: 26/26 MP: 3/3
  1711 | D:2      | Reached XP level 4. HP: 30/33 MP: 4/4
  1942 | D:2      | Found a faded altar of an unknown god.
  2203 | D:2      | Found Udubel's Weapon Boutique.
  2610 | D:3      | Reached XP level 5. HP: 36/38 MP: 5/5
  2798 | D:3      | Found a glowing drain.
  2809 | Sewer    | Entered a sewer
  2852 | Sewer    | Noticed Purgy
  3610 | D:3      | Found a shimmering blue altar of Sif Muna.
  3841 | D:3      | Reached skill level 5 in Fighting
  3841 | D:3      | Reached skill level 5 in Unarmed Combat
  4070 | D:3      | Reached XP level 6. HP: 45/45 MP: 6/6
  4392 | D:4      | Learned a level 4 spell: Petrify
  4777 | D:4      | Noticed a steam dragon
  4808 | D:5      | Entered Level 5 of the Dungeon
  4831 | D:5      | Reached skill level 1 in Transmutations
  4831 | D:5      | Reached skill level 1 in Earth Magic
  4853 | D:5      | Reached skill level 1 in Spellcasting
  4962 | D:5      | Noticed a necrophage
  5296 | D:6      | Reached XP level 7. HP: 30/50 MP: 9/9
  5679 | D:6      | Found an iron altar of Okawaru.
  6431 | D:5      | Found a radiant altar of Vehumet.
  6660 | D:5      | Reached XP level 8. HP: 30/56 MP: 12/12
  7032 | D:4      | Identified a scroll of acquirement
  7032 | D:4      | Acquired the amulet "Mujiv" {Reflect rF+ SH+5 SInv}
  9033 | D:7      | Found a shadowy altar of Dithmenos.
  9286 | D:7      | Reached XP level 9. HP: 5/66 MP: 13/13
  9286 | D:7      | Slain by an orc priest

Table legend: (Time is in decaauts)
 A = Elapsed time spent in this place.
 B = Non-inter-level travel time spent in this place.
 C = Inter-level travel time spent in this place.
 D = Time resting spent in this place.
 E = Time spent auto-exploring this place.
 F = Levels seen in this place.
 G = Mean time per level.
                   A        B        C        D        E       F      G
               +--------+--------+--------+--------+--------+-----+--------+
         Total |   9267 |   8768 |    499 |   2594 |   4029 |   8 | 1158.4 |
       Dungeon |   8868 |   8369 |    499 |   2594 |   3738 |   7 | 1266.9 |
         Sewer |    399 |    399 |      0 |      0 |    291 |   1 |  399.0 |
               +--------+--------+--------+--------+--------+-----+--------+

Top non-repeatable levels by time:
     D:5: 2276 daAuts
     D:6: 1383 daAuts
     D:3: 1323 daAuts
     D:1: 1311 daAuts
     D:2: 1175 daAuts
     D:4: 1076 daAuts
   Sewer: 399 daAuts
     D:7: 322 daAuts

Table legend:
 A = Kills in this place as a percentage of kills in entire the game.
 B = Kills by you in this place as a percentage of kills by you in the entire game.
 C = Kills by friends in this place as a percentage of kills by friends in the entire game.
 D = Other kills in this place as a percentage of other kills in the entire game.
 E = Experience gained in this place as a percentage of experience gained in the entire game.
 F = Experience gained in this place divided by the number of levels of this place that you have seen.
                   A       B       C       D       E      F
               +-------+-------+-------+-------+-------+----------------------
         Total | 100.0 | 100.0 | 100.0 |   N/A | 100.0 | 236.0
       Dungeon |  94.9 |  94.8 | 100.0 |   N/A |  98.9 | 266.7
         Sewer |   5.1 |   5.2 |   0.0 |   N/A |   1.1 |  21.0
               +-------+-------+-------+-------+-------+----------------------

Action                   |  1- 3 |  4- 6 |  7- 9 || total
-------------------------+-------+-------+-------++-------
Melee: Unarmed           |    82 |   162 |   139 ||   383
       Constrict         |    26 |    43 |    35 ||   104
       Tentacles         |    17 |    29 |    18 ||    64
       Punch             |     2 |     7 |     7 ||    16
Throw: Javelin           |       |     4 |     6 ||    10
       Boomerang         |       |       |     7 ||     7
Evoke: Wand              |       |       |     3 ||     3
  Use: Scroll            |       |    12 |     6 ||    18
       Potion            |       |     1 |     2 ||     3
 Stab: Sleeping          |    10 |    10 |     3 ||    23
       Distracted        |     1 |       |       ||     1
Armor: Skin              |     9 |     5 |     4 ||    18
Dodge: Dodged            |    58 |   116 |    69 ||   243
Block: Other             |       |       |     9 ||     9
       Reflection        |       |       |     4 ||     4

Vanquished Creatures
  An ogre (D:5)
  A necrophage (D:5)
  A centaur (D:5)
  A bullfrog (D:5)
  A scorpion (D:4)
  A water moccasin zombie (D:5)
  A howler monkey (D:6)
  4 hounds
  4 orc priests
  5 iguanas
  5 orc wizards
  2 howler monkey skeletons
  9 adders
  A shadow imp (D:7)
  2 white imps (D:6)
  An adder skeleton (D:5)
  4 worms
  2 dart slugs
  21 orcs
  6 endoplasms
  9 giant cockroaches
  8 goblins
  6 hobgoblins
  12 jackals
  5 quokkas
  7 ball pythons
  6 bats
  15 frilled lizards
  5 kobolds
  9 rats
155 creatures vanquished.

Vanquished Creatures (collateral kills)
  2 phantoms (D:5)
  A howler monkey (D:5)
3 creatures vanquished.

Vanquished Creatures (others)
  A plant (D:5)
1 creature vanquished.

Grand Total: 159 creatures vanquished
